 Dungeon Crawl Stone Soup version 0.13.0-15-g9204fa6 (webtiles) character file.

78 MirrMurr the Sneak (level 2, -1/13 HPs)
             Began as a Spriggan Enchanter on Oct 20, 2013.
             Slain by a kobold
             ... wielding a +0,+0 whip
              (5 damage)
             ... on Level 1 of the Dungeon.
             The game lasted 00:01:49 (826 turns).

MirrMurr the Sneak (Spriggan Enchanter)              Turns: 826, Time: 00:01:50

HP  -1/13        AC  3     Str  4      XL: 2   Next: 48%
MP   6/6         EV 18     Int 16      God:
Gold 60          SH  0     Dex 16      Spells:  2 memorised,  0 levels left

Res.Fire  : . . .   See Invis. : +   a - +1 dagger {=f}
Res.Cold  : . . .   Warding    : .   b - +1 robe
Life Prot.: . . .   Conserve   : .   (shield restricted)
Res.Poison: .       Res.Corr.  : .   (helmet restricted)
Res.Elec. : .       Clarity    : .   (no cloak)
Sust.Abil.: . .     Spirit.Shd : .   (gloves unavailable)
Res.Mut.  : .       Stasis     : .   (boots unavailable)
Res.Rott. : .       Flight     : .   (no amulet)
Saprovore : . . .                    (no ring)
                                     (no ring)

@: very quick, slightly resistant to hostile enchantments, quite stealthy
A: unfitting armour, see invisible, herbivore 3, speed 3, slow metabolism 2
a: no special abilities


You were on level 1 of the Dungeon.
You were not hungry.

You visited 1 branch of the dungeon, and saw 1 of its levels.

You collected 40 gold pieces.

Inventory:

Hand weapons
 a - a +1,+1 dagger (weapon) {=f}
 m - a +0,+2 short sword of venom
Missiles
 d - 12 darts (quivered)
Armour
 b - a +1 robe (worn)
Comestibles
 j - a pear
Scrolls
 f - a scroll of identify {unknown}
 g - a scroll of random uselessness {unknown}
 h - a scroll of remove curse {unknown}
 k - 2 scrolls of enchant armour {unknown}
 l - a scroll of curse jewellery {unknown}
 n - a scroll of noise {unknown}
 o - a scroll of teleportation {unknown}
 r - a scroll of enchant weapon II {unknown}
Jewellery
 i - an uncursed ring of protection from fire {unknown}
Potions
 e - a potion of porridge
 p - a potion of brilliance {unknown}
 q - a potion of speed {unknown}
Books
 c - a book of Maledictions

   Spells                             Type                      Level
   *Corona                            Hexes                        1
   Sure Blade                         Hexes/Charms                 2
   *Ensorcelled Hibernation           Hexes/Ice                    2
   Confuse                            Hexes                        3
   Enslavement                        Hexes                        4
   Invisibility                       Hexes                        6


   Skills:
 - Level 1.1 Short Blades
 - Level 1.1 Throwing
 - Level 3.0 Dodging
 + Level 4.9 Stealth
 - Level 1.3 Spellcasting
 - Level 3.6 Hexes


You couldn't memorise any spells.
You knew the following spells:

 Your Spells              Type           Power        Failure   Level  Hunger
a - Ensorcelled Hibernat  Hex/Ice        #.....       17%         2    ###....
Z - Corona                Hex            ##.....      8%          1    ##.....


Dungeon Overview and Level Annotations

Branches:
Dungeon (1/27)

Altars:


Innate Abilities, Weirdness & Mutations

You are tiny and cannot use many weapons and most armour.
You have supernaturally acute eyesight.
You are a herbivore.
You cover ground extremely quickly.
You need consume almost no food.


Message History

The bat hits you but does no damage.
You hit the bat.
You kill the bat!
The kobold throws an exploding dart.
The exploding dart misses you.
The exploding dart explodes!
The explosion of exploding dart fragments engulfs you!
The kobold throws an exploding dart.
The exploding dart hits you!
The exploding dart explodes!
The explosion of exploding dart fragments engulfs you!
You see here a bat corpse.
You barely miss the kobold. The kobold hits you with a whip.
You barely miss the kobold. The kobold hits you with a whip.
You hit the kobold.
The kobold is heavily wounded.
The kobold closely misses you.
You barely miss the kobold. The kobold completely misses you.
You hit the kobold but do no damage. The kobold barely misses you.
You closely miss the kobold. You closely miss the kobold.
The kobold hits you with a whip.
You die...

###.#.#.#.#.#.#.#.##
#.#
.)........>........#
#.#
###.#.#.#.#.#.#.#.##
#.#
#.................#
##.#.#.#.#.#.#.#.##
#..#.##.######..#
#.>#.# # #.## #..#.#
#%# #..#.# #@# ...#
..######K# #...
.........# #
########........#
#########


You could see a kobold.

Vanquished Creatures
  A giant gecko (D:1)
  3 bats (D:1)
  5 goblins (D:1)
  A giant newt (D:1)
  5 kobolds (D:1)
  2 rats (D:1)
17 creatures vanquished.

Notes
Turn   | Place    | Note
--------------------------------------------------------------
     0 | D:1      | MirrMurr, the Spriggan Enchanter, began the quest for the Orb.
     0 | D:1      | Reached XP level 1. HP: 9/9 MP: 4/4
   328 | D:1      | Reached skill level 4 in Stealth
   355 | D:1      | Reached XP level 2. HP: 8/13 MP: 6/6
   360 | D:1      | Learned a level 2 spell: Ensorcelled Hibernation
   826 | D:1      | Slain by a kobold

Action                   || total
-------------------------++-------
Melee: Dagger            ||    57
 Stab: Sleeping          ||     6
